 Dungeon Crawl Stone Soup version 0.28.0-43-g3370ac3207 (webtiles) character file.

Game seed: 586619133135893118

639 joshe the Cutter (level 7, 0/70 HPs)
             Began as an Ogre Transmuter on Mar 12, 2022.
             Slain by a water moccasin (9 damage)
             ... on level 4 of the Dungeon.
             The game lasted 00:23:22 (5053 turns).

joshe the Cutter (Ogre Transmuter)                  Turns: 5053, Time: 00:23:23

Health: 0/70       AC:  3    Str: 17    XL:     7   Next: 51%
Magic:  22/22      EV: 10    Int: 14    God:
Gold:   181        SH:  5    Dex:  9    Spells: 10/14 levels left

rFire   x . .      SeeInvis .   g - +1 dagger (freeze)
rCold   + . .      Faith    .   (no shield)
rNeg    . . .      Spirit   .   a - +0 robe
rPois   .          Reflect  +   (helmet currently unavailable)
rElec   .          Harm     .   (no cloak)
rCorr   .          Rampage  .   (gloves unavailable)
Will    .....                   (boots unavailable)
Stlth   +.........              k - amulet of reflection
HPRegen 0.21/turn               b - ring of ice
MPRegen 0.18/turn               c - ring of magical power

@: appendages (expiring), hasted, very quick
A: horns 2, talons 2, large, unfitting armour, tough skin 1
a: End Transformation


You were on level 4 of the Dungeon.
You had temporarily grown beastly horns and talons.
You visited 1 branch of the dungeon, and saw 4 of its levels.
You also visited: Sewer.

You collected 181 gold pieces.

Inventory:

Hand Weapons
 g - a +1 dagger of freezing (weapon)
 r - a +0 falchion
 w - a +1 vampiric spear
 x - a +2 short sword of venom
Missiles
 u - 19 poisoned darts
Armour
 a - a +0 robe (worn)
Jewellery
 b - a ring of ice (left hand)
 c - a ring of magical power (right hand)
 k - an amulet of reflection (around neck)
Wands
 t - a wand of acid (11)
 A - a wand of charming (3)
Scrolls
 d - 3 scrolls of identify {unknown}
 e - a scroll of summoning {unknown}
 f - a scroll of amnesia {unknown}
 j - 2 scrolls of enchant armour {unknown}
 l - a scroll of fog {unknown}
 m - 3 scrolls of teleportation
 o - a scroll of blinking {unknown}
 p - a scroll of noise {unknown}
 q - a scroll of acquirement {unknown}
 s - a scroll of torment {unknown}
 y - a scroll of enchant weapon {unknown}
Potions
 h - a potion of cancellation {unknown}
 i - a potion of flight
 z - a potion of magic {unknown}


   Skills:
 - Level 4.0 Fighting
 - Level 4.0 Short Blades
 - Level 2.0 Dodging
 - Level 3.0 Unarmed Combat
 - Level 4.0 Spellcasting
 + Level 1.7 Conjurations
 - Level 4.0 Transmutations


You had 10 spell levels left.
You knew the following spells:

 Your Spells              Type           Power      Damage    Failure   Level
a - Beastly Appendage     Tmut           28%        N/A       3%          1
b - Wereblood             Tmut           14%        N/A       5%          2
c - Magic Dart            Conj           28%        1d4       10%         1

Your spell library contained the following spells:

 Spells                   Type           Power      Damage    Failure   Level
 Spider Form              Tmut/Pois      8%         N/A       26%         3
 Call Imp                 Summ           2%         N/A       28%         2
 Mephitic Cloud           Conj/Pois/Air  4%         N/A       43%         3
 Ice Form                 Ice/Tmut       12%        N/A       63%         4


Dungeon Overview and Level Annotations

Branches:
Dungeon (4/15)              Sewer (visited)
 Temple: D:4-7

Altars:
Cheibriados
Ru
Vehumet
Wu Jian

Shops:
D:1 ==


Innate Abilities, Weirdness & Mutations

You have temporarily grown beastly horns and talons.
You are too large for most types of armour.
You have tough skin. (AC +1)


Message History

You are frozen.
You resist.
You hit the water moccasin but do no damage.
Your kick misses the water moccasin.
The water moccasin is severely wounded.
You feel sick. You block the water moccasin's attack.
The endoplasm freezes you.
You are frozen.
You resist. The water moccasin bites you!
* * * LOW HITPOINT WARNING * * *
You hit the water moccasin. You freeze the water moccasin.
You claw the water moccasin.
The water moccasin is almost dead.
You feel sick.
You are no longer poisoned.
The endoplasm freezes you.
You are frozen.
You resist.
* * * LOW HITPOINT WARNING * * *
The water moccasin bites you.
* * * LOW HITPOINT WARNING * * *
You miss the water moccasin.
Your headbutt misses the water moccasin.
The water moccasin is almost dead.
The water moccasin closely misses you. The endoplasm hits you.
* * * LOW HITPOINT WARNING * * *
Unknown command.
You barely miss the water moccasin. Your kick misses the water moccasin.
The water moccasin is almost dead.
The water moccasin bites you.
* * * LOW HITPOINT WARNING * * *
Unknown command.
You barely miss the water moccasin. Your punch misses the water moccasin.
The water moccasin is almost dead.
The endoplasm closely misses you. The water moccasin bites you.
* * * LOW HITPOINT WARNING * * *
You are lethally poisoned!
The water moccasin poisons you!
You feel better. The water moccasin bites you.
* * * LOW HITPOINT WARNING * * *
The endoplasm barely misses you.
You feel yourself speed up. The water moccasin bites you!
You die...

########### .........#
.........####
#.###.#.....## #S#..
#..#...# #@#.###..#...#
.?.#.#J#.#(..##...#####
#._........._.###.......
#...#.#.#.#...#.....####
#. #.#.#.###.#.....# # .
#.#.. #.#...... . .#
#.###.#.###..... . ..
... ...# #######. #. ...
..# .


You could see a water moccasin and an endoplasm.

Vanquished Creatures
  An ogre (D:4)
  3 kobold brigands (Sewer)
  A centaur skeleton (D:4)
  An iguana (D:4)
  A hound zombie (D:3)
  4 gnolls (D:4)
  10 adders
  2 river rats
  An ufetubus (D:4)
  9 worms
  2 dart slugs (D:1)
  2 orcs (D:3)
  10 ball pythons
  8 bats
  15 endoplasms
  2 giant cockroaches
  4 goblins
  9 hobgoblins
  4 jackals (D:3)
  A quokka (D:4)
  3 frilled lizards
  6 kobolds
  9 rats
108 creatures vanquished.

Notes
Turn   | Place    | Note
-------+----------+-------------------------------------------
     0 | D:1      | joshe the Ogre Transmuter began the quest for the Orb.
     0 | D:1      | Reached XP level 1. HP: 19/19 MP: 3/3
   209 | D:1      | Reached XP level 2. HP: 24/27 MP: 5/5
   472 | D:1      | Learned a level 2 spell: Wereblood
   643 | D:1      | Found Qacsaginn's One-of-a-Kind Rings.
   775 | D:1      | Found Wudeofui's Jewellery Emporium.
   876 | D:1      | Reached XP level 3. HP: 32/33 MP: 6/6
  1300 | D:2      | Found a faded altar of an unknown god.
  1885 | D:3      | Reached XP level 4. HP: 42/42 MP: 7/7
  2070 | D:3      | Reached skill level 1 in Short Blades
  2527 | D:3      | Found a radiant altar of Vehumet.
  2797 | D:3      | Reached XP level 5. HP: 49/49 MP: 9/9
  3350 | D:4      | Found a snail-covered altar of Cheibriados.
  3426 | D:4      | Found a glowing drain.
  3465 | Sewer    | Entered a sewer
  3756 | Sewer    | Reached XP level 6. HP: 53/57 MP: 10/10
  4658 | Sewer    | Reached XP level 7. HP: 48/70 MP: 12/12
  4660 | Sewer    | Learned a level 1 spell: Magic Dart
  4836 | D:4      | Reached skill level 1 in Conjurations
  5009 | D:4      | Found a sacrificial altar of Ru.
  5027 | D:4      | Found an ornate altar of the Wu Jian Council.
  5053 | D:4      | Slain by a water moccasin

Illustrated notes

Levels and vault maps discovered:
D:1:      shiori_shiawase, layout_loops_ring, serial_shops,
          nicolae_shop_hallway_stairs, nicolae_shop_unique_rings,
          minmay_ruptured
D:2:      layout_basic, nicolae_ecumenical_oubliette
D:3:      minmay_chambers_of_twos, layout_rooms, marbit_many_paths, st_stairs_9,
          supply_closet_lemuel
D:4:      layout_rooms, mainiacjoe_overflow_alcove_2,
          mainiacjoe_overflow_large_starburst, portal_sewer_entry_a,
          serial_bayou_pond_d, grunt_ministairs_6, minmay_liquid_box,
          st_stairs_4

Skill      XL: |  1  2  3  4  5  6  7 |
---------------+----------------------+-----
Transmutations | 2 3 4 |  4.0
Unarmed Combat | 3 |  3.0
Dodging        | 2 |  2.0
Fighting       | 2 4 |  4.0
Short Blades   | 2 3 4 |  4.0
Spellcasting   | 3 4 |  4.0
Conjurations   | 1 |  1.7

Action                   |  1- 3 |  4- 6 |  7- 9 || total
-------------------------+-------+-------+-------++-------
Melee: Unarmed           |    27 |       |       ||    27
       Headbutt          |    10 |    29 |     5 ||    44
       Kick              |    16 |    44 |     7 ||    67
       Dagger            |    46 |   273 |    32 ||   351
       Punch             |     2 |     4 |     2 ||     8
       Short sword       |       |       |     3 ||     3
 Cast: Beastly Appendage |    24 |    36 |     4 ||    64
       Wereblood         |     2 |    12 |       ||    14
  Use: Potion            |       |     5 |     2 ||     7
       Scroll            |       |       |     1 ||     1
Armor: Robe              |    41 |    40 |     4 ||    85
       Skin              |       |     7 |       ||     7
Dodge: Dodged            |    50 |   113 |    22 ||   185
Block: Other             |       |    41 |     7 ||    48
       Reflection        |       |     2 |       ||     2
